 Dungeon Crawl Stone Soup version 0.17.1-2-g5865329 (webtiles) character file.

220 Eucla the Caller (level 5, 0/31 HPs)
             Began as an Octopode Summoner on Mar 14, 2016.
             Slain by a ball python (1 damage)
             ... in a sewer.
             The game lasted 00:08:00 (3995 turns).

Eucla the Caller (Octopode Summoner)                Turns: 3995, Time: 00:08:00

Health: 0/31       AC:  1    Str:  7    XL:     5   Next: 97%
Magic:  3/8        EV:  9    Int: 18    God:
Gold:   187        SH:  0    Dex: 13    Spells: 3 memorised, 1 level left

rFire  . . .     SeeInvis .     y - +0 halberd
rCold  . . .     Clarity  .     (shield currently unavailable)
rNeg   . . .     SustAt   .     (helmet restricted)
rPois  .         Gourm    .     h - amulet of regeneration
rElec  .         Spirit   .     (no ring)
rCorr  .         Warding  .     (no ring)
rMut   .         Stasis   .     (no ring)
MR     .....                    (no ring)
Stlth  ++++......               (no ring)
                                (no ring)
                                (no ring)
                                (no ring)

@: constricted, not resistant to hostile enchantments, stealthy
A: almost no armour, amphibious, 8 rings, constrict 8, camouflage 1, gelatinous
body 1
a: no special abilities


You were in a sewer.
You were hungry.

You visited 1 branch of the dungeon, and saw 4 of its levels.
You also visited: Sewer.

You collected 187 gold pieces.

Inventory:

Hand Weapons
 d - a +0 hand axe
 v - a +0 spear
 y - a +0 halberd (weapon)
Missiles
 m - 52 arrows
Jewellery
 h - an amulet of regeneration (around mantle)
 k - an uncursed amulet of guardian spirit
 o - an uncursed amulet of the gourmand
Wands
 s - a wand of polymorph (8)
Scrolls
 c - a scroll of noise {unknown}
 e - 5 scrolls of identify {unknown}
 f - 3 scrolls of teleportation {unknown}
 l - 6 scrolls of remove curse {unknown}
 r - 2 scrolls of random uselessness {unknown}
 w - a scroll of amnesia {unknown}
 C - a scroll of fear {unknown}
 D - 2 scrolls of fog {unknown}
Potions
 g - 4 potions of heal wounds {unknown}
 i - 3 potions of curing {unknown}
 j - a potion of mutation {unknown}
 n - 3 potions of resistance {unknown}
 p - 2 potions of magic {unknown}
 q - 2 potions of lignification {unknown}
 t - a potion of agility {unknown}
 u - a potion of brilliance {unknown}
 x - a potion of cancellation {unknown}
 z - a potion of berserk rage {unknown}
 A - a potion of invisibility
 E - a potion of poison {unknown}
 F - a potion of might {unknown}
Books
 a - a book of Callings

   Spells                             Type                      Level
   a - Summon Small Mammal            Summoning                    1
   b - Call Imp                       Summoning                    2
   c - Call Canine Familiar           Summoning                    3
   d - Summon Guardian Golem          Hexes/Summoning              3
   e - Summon Lightning Spire         Summoning/Air                4
   f - Summon Ice Beast               Ice/Summoning                4
Comestibles
 b - 3 bread rations
 B - 2 fruits
 G - 2 chunks of flesh


   Skills:
 - Level 2.0 Dodging
 - Level 2.6 Stealth
 - Level 2.0 Spellcasting
 + Level 6.5 Summonings
 + Level 2.0 Ice Magic


You had one spell level left.
You knew the following spells:

 Your Spells              Type           Power        Failure   Level  Hunger
a - Summon Small Mammal   Summ           ####         1%          1    #......
b - Call Imp              Summ           ####....     1%          2    ###....
c - Summon Ice Beast      Ice/Summ       ###.....     34%         4    #####..


Dungeon Overview and Level Annotations

Branches:
Dungeon (4/15)
 Temple: D:4-7

Altars:
Gozag
Vehumet


Innate Abilities, Weirdness & Mutations

You cannot wear most types of armour.
You are amphibious.
You can wear up to eight rings at the same time.
You can use your tentacles to constrict eight enemies at once.
Your skin changes colour to match your surroundings (Stealth).
Your rubbery body absorbs attacks (AC +1).


Message History

You barely miss the giant frog. You grab the giant frog.
You squeeze the giant frog!
The giant frog is heavily wounded.
You constrict the giant frog.
The adder bites your ice beast but does no damage.
The giant frog hits you. The ball python closely misses you.
The ball python constricts you. The giant newt barely misses you.
The adder barely misses your ice beast. The giant frog hits you.
Your iron imp splashes around in the water.
The giant newt bites you. The ball python bites you.
The ball python constricts you. The giant newt bites you.
* * * LOW HITPOINT WARNING * * *
You hit the giant frog.
The giant frog is severely wounded.
You constrict the giant frog. The giant frog hits you.
* * * LOW HITPOINT WARNING * * *
The giant newt bites you.
* * * LOW HITPOINT WARNING * * *
The ball python bites you.
You die...

#.....#####################
##....## #.....# #...÷#####
#....##..# #.....'..#
##....####
#.†...#####################+#
#......≈≈≈≈≈≈≈l@SS≈S≈≈≈J....#
##......≈≈≈≈≈≈llF≈≈≈†≈≈≈≈....#
#......≈≈≈≈≈5≈F≈Y≈≈≈≈≈≈≈....#
##.....≈≈≈≈≈≈≈≈≈≈≈≈≈≈≈≈≈....#
##....≈≈≈≈≈≈≈≈≈≈≈≈≈≈≈≈≈....#
###..≈≈≈≈≈≈≈≈≈≈≈≈≈≈≈≈≈...##
########################


You could see 2 giant frogs, an adder, 2 ball pythons, 3 giant newts, a friendly
ice beast and a friendly iron imp.

Vanquished Creatures
  4 adders
  A river rat (Sewer)
  An ooze (Sewer)
  A worm (D:2)
  7 giant geckos
  11 ball pythons
  5 giant cockroaches
  9 hobgoblins
  5 jackals
  12 kobolds
  10 bats
  4 giant newts
  4 goblins
  37 rats
  A bush (D:2)
  A plant (D:2)
113 creatures vanquished.

Vanquished Creatures (collateral kills)
  A worker ant (D:4)
  2 adders
  3 gnolls (D:4)
  An ooze (D:1)
  2 ball pythons (Sewer)
  A bat (D:2)
  A giant cockroach (D:4)
  2 goblins (D:1)
  3 hobgoblins (D:1)
  2 giant geckos
  2 giant newts (D:1)
  A jackal (D:2)
  A rat (D:2)
22 creatures vanquished.

Grand Total: 135 creatures vanquished

Notes
Turn   | Place    | Note
--------------------------------------------------------------
     0 | D:1      | Eucla the Octopode Summoner began the quest for the Orb.
     0 | D:1      | Reached XP level 1. HP: 11/11 MP: 3/3
   374 | D:1      | Reached XP level 2. HP: 1/17 MP: 3/5
   692 | D:1      | Learned a level 2 spell: Call Imp
   856 | D:1      | Reached XP level 3. HP: 21/21 MP: 6/6
  1162 | D:1      | Reached skill level 5 in Summonings
  1347 | D:2      | Found an opulent altar of Gozag.
  1452 | D:2      | Reached XP level 4. HP: 27/27 MP: 7/7
  1994 | D:3      | Learned a level 4 spell: Summon Ice Beast
  2893 | D:3      | Reached skill level 6 in Summonings
  3017 | D:4      | Reached skill level 1 in Ice Magic
  3017 | D:4      | Reached XP level 5. HP: 22/31 MP: 5/8
  3095 | D:4      | Noticed a phantom
  3216 | D:4      | Found a radiant altar of Vehumet.
  3329 | D:4      | Found a glowing drain.
  3388 | Sewer    | Entered a sewer
  3995 | Sewer    | HP: 1/31 [giant newt (2)]
  3995 | Sewer    | Slain by a ball python

Action                   |  1- 3 |  4- 6 || total
-------------------------+-------+-------++-------
Melee: Unarmed           |     6 |       ||     6
       Hand axe          |    75 |   128 ||   203
       Spear             |       |    54 ||    54
       Halberd           |       |   104 ||   104
 Cast: Summon Small Mamm |    14 |       ||    14
       Call Imp          |     3 |    14 ||    17
       Summon Ice Beast  |       |     2 ||     2
  Use: Potion            |     1 |       ||     1
 Stab: Sleeping          |     7 |    16 ||    23
  Eat: Chunk             |     3 |    11 ||    14
